 Dungeon Crawl Stone Soup version 0.23-a0-183-gf37f6fb (webtiles) character file.

15583 namelastname112 the Covert (level 12, -2/103 HPs)
             Began as a Black Draconian Assassin on Sept 21, 2018.
             Was an Initiate of Gozag.
             Slain by a gargoyle
             ... wielding a +0 mace
              (9 damage)
             ... on level 12 of the Dungeon.
             The game lasted 00:23:14 (14578 turns).

namelastname112 the Covert (DrAs)                  Turns: 14578, Time: 00:23:14

Health: -2/103     AC: 12    Str: 17    XL:     12   Next: 2%
Magic:  0/12       EV: 17    Int: 18    God:    Gozag
Gold:   893        SH:  0    Dex: 20    Spells: 11/11 levels left

rFire    . . .     SeeInvis .   s - +0 dagger (chaos)
rCold    + . .     Gourm    .   (no shield)
rNeg     . . .     Faith    .   (armour unavailable)
rPois    .         Spirit   +   (helmet restricted)
rElec    +         Reflect  .   c - +0 cloak
rCorr    .         Harm     .   w - +0 pair of gloves
MR       +....                  B - +1 pair of boots of Gozag's Displeasure {Str+3 Int+4 Dex+2 Stlth-}
Stlth    ++++......             E - amulet "Borruja" {Spirit Fragile rC+ MR+}
HPRegen  0.27/turn              h - +3 ring of intelligence
MPRegen  0.13/turn              (no ring)

@: no status effects
A: breathe lightning, unfitting armour, electricity resistance, cold-blooded, AC
+8
a: Breathe Lightning, Potion Petition, Call Merchant, Bribe Branch, Renounce
Religion


You were on level 12 of the Dungeon.
You worshipped Gozag.
Gozag was pleased with you.
You were not hungry.

You visited 2 branches of the dungeon, and saw 13 of its levels.

You collected 2482 gold pieces.
You spent 285 gold pieces at shops.
You paid 1304 gold pieces to Gozag.

Inventory:

Hand Weapons
 a - a +3 short sword of holy wrath
 b - a +0 blowgun
 s - a +0 dagger of chaos (weapon)
 G - a +1 short sword of venom
Missiles
 d - 74 poisoned needles
 e - 10 curare-tipped needles
 n - 2 throwing nets (quivered)
Armour
 c - a +0 cloak (worn)
 w - a +0 pair of gloves (worn)
 B - the +1 pair of boots of Gozag's Displeasure (worn) {Str+3 Int+4 Dex+2 Stlth-}
   (You bought it in a shop on level 5 of the Dungeon)

   It affects your strength (+3).
   It affects your intelligence (+4).
   It affects your dexterity (+2).
   It makes you less stealthy.
Jewellery
 h - a +3 ring of intelligence (left hand)
 k - an uncursed amulet of the acrobat {unknown}
 v - an uncursed amulet of regeneration
 D - the amulet of Okeef {RegenMP rN+ MP+9 Dex-3}
   (You found it on level 11 of the Dungeon)

   [amulet of magic regeneration]

   It increases your magic regeneration.
   It affects your dexterity (-3).
   It protects you from negative energy.
   It affects your magic capacity (+9).
 E - the amulet "Borruja" (around neck) {Spirit Fragile rC+ MR+}
   (You took it off an orc on level 6 of the Dungeon)

   [amulet of guardian spirit]

   It causes incoming damage to be split between your health and magic.
   It protects you from cold.
   It affects your resistance to hostile enchantments.
   It will be destroyed if unequipped.
 F - an uncursed amulet of harm {unknown}
 J - a +5 amulet of reflection {unknown}
Wands
 x - a wand of disintegration (14)
 y - a wand of acid (17)
 H - a wand of random effects (26)
 I - a wand of clouds (5)
Scrolls
 i - 5 scrolls of remove curse
 l - 2 scrolls of amnesia
 m - 2 scrolls of enchant weapon
 p - 4 scrolls of identify
 r - 3 scrolls of teleportation
 C - 4 scrolls of magic mapping
Potions
 g - a potion of resistance
 j - 3 potions of agility
 o - a potion of cancellation
 q - 4 potions of brilliance
 t - 3 potions of invisibility
 u - 2 potions of haste
 z - a potion of might
 A - 6 potions of flight
Comestibles
 f - 7 rations


   Skills:
 + Level 8.4 Fighting
 * Level 10.8 Short Blades
 + Level 7.1 Throwing
 + Level 6.8 Dodging
 * Level 11.1 Stealth


You had 11 spell levels left.
You didn't know any spells.
Your spell library contained the following spells:

 Spells                   Type           Power        Failure   Level  Hunger
 Flame Tongue             Conj/Fire      #....        22%         1    ##.....
 Magic Dart               Conj           #...         22%         1    ##.....
 Blink                    Tloc           N/A          32%         2    ###....
 Call Imp                 Summ           #.......     32%         2    ###....
 Slow                     Hex            #.......     32%         2    ###....
 Throw Flame              Conj/Fire      #.....       32%         2    ###....
 Conjure Flame            Conj/Fire      #.......     54%         3    ####...
 Inner Flame              Hex/Fire       #.......     54%         3    ####...
 Mephitic Cloud           Conj/Pois/Air  #.......     54%         3    ####...
 Sticky Flame             Conj/Fire      #.......     91%         4    #####..
 Fireball                 Conj/Fire      #.........   99%         5    ######.


Dungeon Overview and Level Annotations

Branches:
Dungeon (12/15)            Temple (1/1) D:4            Lair (0/6) D:10
    Orc (0/2) D:9

Altars:
Ashenzari
Cheibriados
Dithmenos
Elyvilon
Fedhas
Gozag
Hepliaklqana
Kikubaaqudgha
Makhleb
Nemelex Xobeh
Okawaru
Qazlal
Ru
Sif Muna
Trog
Uskayaw
Vehumet
Xom
Yredelemnul
Zin
The Shining One

Shops:
D:5 [   D:9 [   D:12 [[


Innate Abilities, Weirdness & Mutations

You can breathe wild blasts of lightning.
Your glossy black scales are hard. (AC +8)
You cannot fit into any form of body armour.
You are resistant to electric shocks. (rElec)
You are cold-blooded and may be slowed by cold attacks.


Message History

You take 2 damage, and have 25/103 hp.
Evoke which item? (* to show all) (? for menu, Esc to quit)
Aiming: Corrosive Bolt
Press: ? - help, Shift-Dir - straight line The bolt of acid hits something.
Something barely misses you. Something hits you!
* * * LOW HITPOINT WARNING * * *
You take 12 damage, and have 13/103 hp.
You now have 2/12 mp.
Evoke which item? (* to show all) (? for menu, Esc to quit)
Aiming: Cloud Cone
Press: ? - help, Dir - move target cursor You create a blast of poison gas!
A stone arrow appears from out of thin air!
The stone arrow misses you.
A stone arrow appears from out of thin air!
The stone arrow hits you!
* * * LOW HITPOINT WARNING * * *
Something hits you!
You die...
Your body crumbles into a pile of gold.

#........#...........#
#.####.###...........# #.# #.#
#...........+ #####.####.#
#...........####### #....)..##.#
#.................#
#.......##.###################.#
#.................# .........
........###.######§####.#######.#
................@{§§§...........#
#######.#.#.#....{§#####.########
....................
######.#...##.#...#.#.#.#
#......#.#.##.#...#.#.#.#
#......#.#.##.##..#.#.#.# ######
#......#.#.##.##..#.#.#.###....#
#......#+#.##.##..#.#.#...'....'
##...).........##.........##....#


There were no monsters in sight!

Vanquished Creatures
  4 two-headed ogres
  2 death yaks (D:10)
  Nergalle (D:11)
  A cyclops (D:11)
  Psyche (D:10)
  A kobold demonologist (D:11)
  4 trolls
  Grinder (D:4)
  4 hippogriffs
  A shadow (D:11)
  A human (D:8)
  10 yaks
  A hungry ghost (D:8)
  A swamp worm (shapeshifter) (D:10)
  A porcupine (D:10)
  3 sky beasts
  3 orc warriors
  6 phantoms
  A black bear (D:9)
  3 ice beasts
  A necrophage (D:11)
  An eye of draining (D:12)
  10 ogres
  2 centaurs
  Blork the orc (D:4)
  2 big kobolds
  5 bullfrogs
  A water moccasin zombie (D:10)
  5 scorpions
  8 killer bees
  16 wights
  A howler monkey (D:6)
  4 crimson imps
  3 bullfrog zombies
  5 hounds
  6 jellies
  3 orc priests
  4 bullfrog skeletons
  2 centaur skeletons
  Terence (D:2)
  6 orc wizards
  Natasha (thrice) (D:4)
  2 iguanas
  4 hell rats (D:10)
  8 worker ants
  2 hound skeletons
  A worker ant zombie (D:7)
  4 gnolls (D:8)
  12 adders
  A river rat (D:10)
  2 shadow imps
  An adder zombie (D:3)
  2 oozes
  2 adder skeletons (D:6)
  3 worms
  3 dart slugs
  6 leopard geckos
  23 orcs
  2 ball pythons
  3 bats
  7 giant cockroaches
  3 goblins
  A hobgoblin (D:3)
  13 jackals
  4 quokkas
  8 frilled lizards
  16 kobolds
  A leopard gecko zombie (D:6)
  7 rats
281 creatures vanquished.

Notes
Turn   | Place    | Note
-------+----------+-------------------------------------------
     0 | D:1      | namelastname112 the Draconian Assassin began the quest for
                  | the Orb.
     0 | D:1      | Reached XP level 1. HP: 17/17 MP: 1/1
   134 | D:1      | Reached skill level 1 in Dodging
   140 | D:1      | Reached XP level 2. HP: 20/25 MP: 2/2
   853 | D:2      | Reached XP level 3. HP: 29/30 MP: 3/3
   897 | D:2      | Reached skill level 4 in Stealth
   994 | D:2      | Found a sacrificial altar of Ru.
  1086 | D:2      | Noticed Terence
  1105 | D:2      | Killed Terence
  1105 | D:2      | Reached XP level 4. HP: 8/37 MP: 4/4
  1934 | D:3      | Found a hide-covered altar of Uskayaw.
  1999 | D:4      | Noticed Natasha
  2014 | D:4      | Killed Natasha
  2014 | D:4      | Reached XP level 5. HP: 9/44 MP: 5/5
  2398 | D:4      | Noticed a phantom
  2416 | D:4      | Killed a phantom
  2416 | D:4      | Reached XP level 6. HP: 31/51 MP: 6/6
  2585 | D:4      | Noticed Natasha
  2607 | D:4      | Killed Natasha
  2727 | D:4      | Reached skill level 5 in Stealth
  2804 | D:4      | Noticed Blork the orc
  2820 | D:4      | Killed Blork the orc
  2971 | D:4      | Noticed Natasha
  2983 | D:4      | Killed Natasha
  3023 | D:4      | Your scales start taking on a glossy black colour.
  3023 | D:4      | Reached XP level 7. HP: 43/57 MP: 7/7
  3023 | D:4      | Gained mutation: You are resistant to electric shocks.
                  | (rElec) [Black Draconian growth]
  3303 | D:4      | Found a staircase to the Ecumenical Temple.
  3366 | Temple   | Entered the Ecumenical Temple
  3434 | Temple   | Became a worshipper of Gozag Ym Sagoz the Greedy
  3564 | D:4      | Noticed Grinder
  3585 | D:4      | Killed Grinder
  3585 | D:4      | Reached skill level 5 in Short Blades
  3860 | D:5      | Entered Level 5 of the Dungeon
  3951 | D:5      | Found Nunyxaoc's Antique Armour Emporium.
  3964 | D:5      | Found an iron altar of Okawaru.
  4209 | D:5      | Reached skill level 6 in Stealth
  4224 | D:5      | Reached XP level 8. HP: 33/67 MP: 8/8
  4856 | D:5      | Bought a pair of bloodstained boots for 285 gold pieces
  4861 | D:5      | Identified the +1 pair of boots of Gozag's Displeasure
                  | {Str+3 Int+4 Dex+2 Stlth-} (You bought it in a shop on
                  | level 5 of the Dungeon)
  5358 | D:6      | Noticed a troll
  5644 | D:6      | Reached skill level 5 in Fighting
  5644 | D:6      | Reached skill level 7 in Stealth
  5726 | D:6      | Got an ancient brass amulet
  6078 | D:6      | Found a burning altar of Makhleb.
  6337 | D:7      | Reached XP level 9. HP: 66/74 MP: 9/9
  6826 | D:7      | Found a deep blue altar of Sif Muna.
  6864 | D:7      | Found an ancient bone altar of Kikubaaqudgha.
  7162 | D:7      | Found a shadowy altar of Dithmenos.
  7215 | D:7      | Identified the amulet "Borruja" {Spirit Fragile rC+ MR+}
                  | (You took it off an orc on level 6 of the Dungeon)
  7358 | D:8      | Killed a troll
  7445 | D:8      | HP: 1/75 [hippogriff (4)]
  7450 | D:8      | Reached skill level 8 in Stealth
  7656 | D:8      | Noticed a two-headed ogre
  7684 | D:8      | Killed a two-headed ogre
  7684 | D:8      | Reached skill level 5 in Throwing
  7775 | D:8      | Reached XP level 10. HP: 38/83 MP: 5/10
  7997 | D:8      | Reached skill level 5 in Dodging
  8551 | D:9      | Reached skill level 9 in Stealth
  8695 | D:9      | HP: 3/84 [orc warrior/halberd (17)]
  8827 | D:9      | Noticed a two-headed ogre
  8865 | D:9      | Killed a two-headed ogre
  9452 | D:9      | Found a staircase to the Orcish Mines.
  9458 | D:9      | Found Xumaffuo's Armour Shop.
  9500 | D:9      | Found a shimmering altar of Xom.
  9500 | D:9      | Found a shimmering altar of Xom.
  9579 | D:9      | Found a shimmering altar of Xom.
  9579 | D:9      | Found a shimmering altar of Xom.
  9580 | D:9      | Found a shimmering altar of Xom.
  9580 | D:9      | Found a shimmering altar of Xom.
  9672 | D:9      | Found a blossoming altar of Fedhas.
 10007 | D:10     | Entered Level 10 of the Dungeon
 10086 | D:10     | Noticed a death yak
 10089 | D:10     | Found a staircase to the Lair.
 10090 | D:10     | Noticed a death yak
 10092 | D:10     | Noticed a death yak
 10362 | D:10     | Noticed Psyche
 10376 | D:10     | Killed Psyche
 10430 | D:10     | Killed a death yak
 10430 | D:10     | Reached XP level 11. HP: 41/92 MP: 2/11
 10434 | D:10     | Noticed a seven-headed hydra
 10434 | D:10     | a death yak changed into a seven-headed hydra
 10451 | D:10     | Noticed an emperor scorpion
 10451 | D:10     | a seven-headed hydra changed into an emperor scorpion
 10520 | D:10     | Reached skill level 10 in Stealth
 11454 | D:10     | Noticed a queen ant
 11469 | D:10     | Noticed a five-headed hydra
 11469 | D:10     | a queen ant changed into a five-headed hydra
 11508 | D:10     | Noticed an alligator
 11508 | D:10     | a five-headed hydra changed into an alligator
 11537 | D:10     | Noticed a spark wasp
 11537 | D:10     | an alligator changed into a spark wasp
 11895 | D:10     | Killed a death yak
 12269 | D:10     | Reached skill level 10 in Short Blades
 12795 | D:11     | Got a flickering platinum amulet
 12805 | D:11     | Identified the amulet of Okeef {RegenMP rN+ MP+9 Dex-3}
                  | (You found it on level 11 of the Dungeon)
 12882 | D:11     | Noticed Nergalle
 12913 | D:11     | Killed Nergalle
 13911 | D:12     | Noticed a two-headed ogre
 13921 | D:12     | Killed a two-headed ogre
 13921 | D:12     | Reached skill level 11 in Stealth
 14174 | D:12     | Noticed a two-headed ogre
 14309 | D:12     | Killed a two-headed ogre
 14309 | D:12     | Reached XP level 12. HP: 41/103 MP: 5/12
 14578 | D:12     | Slain by a gargoyle

Vault maps used:
D:1:      elethiomel_arrival_maze, st_stairs_11, item_on_display_a
D:2:      nicolae_ru_path_of_blood, uniq_terence
D:3:      eat_drink_and_be_merry_uskayaw, minmay_misc_feat_more_columns
D:4:      minmay_temple_entry_fiery, first_ration, uniq_blork_the_orc,
          uniq_natasha, uniq_grinder
D:5:      serial_shops, shop, okawaru_gym_becter
D:6:      marbit_many_paths, minmay_joined_circles
D:7:      overflow_temple_1_default, kennysheep_little_box, kennysheep_mini_moat
D:8:      grunt_pizzeria
D:9:      xom_redecorated, orc_david_3, fedhas_altar_2
D:10:     kennysheep_ambush_hall, dpeg_lair_monsters, uniq_psyche
D:11:     uniq_nergalle
Temple:   regret_index_temple_waves

Skill      XL: |  1  2  3  4  5  6  7  8  9 10 11 |
---------------+----------------------------------+-----
Dodging        | 1 2 3 4 5 6 |  6.8
Throwing       | 2 3 4 5 6 7 |  7.1
Stealth        | 4 5 6 7 8 9 11 | 11.1
Short Blades   | 3 4 5 6 8 9 10 | 10.8
Fighting       | 3 4 5 6 7 8 |  8.4

Action                   |  1- 3 |  4- 6 |  7- 9 | 10-12 || total
-------------------------+-------+-------+-------+-------++-------
Melee: Dagger            |    38 |       |    17 |   323 ||   378
       Short sword       |    47 |   199 |   381 |   578 ||  1205
       Tailslap          |     7 |    30 |    62 |   171 ||   270
 Fire: Blowgun           |       |       |    17 |     6 ||    23
Throw: Throwing net      |       |       |       |     3 ||     3
Invok: Call Merchant     |       |       |       |     2 ||     2
 Abil: Breathe Lightning |       |       |     1 |    10 ||    11
Evoke: Wand              |       |       |     3 |     8 ||    11
  Use: Scroll            |       |       |    18 |    10 ||    28
       Potion            |       |       |     2 |     2 ||     4
 Stab: Sleeping          |     4 |     5 |     7 |    12 ||    28
       Distracted        |       |       |     1 |     6 ||     7
       Invisible         |       |       |       |     2 ||     2
       Paralysed         |       |       |       |     3 ||     3
       Petrified         |       |       |       |     2 ||     2
       Confused          |       |       |       |     1 ||     1
       Held in net/web   |       |       |       |     1 ||     1
       Petrifying        |       |       |       |     1 ||     1
  Eat: Chunk             |       |     7 |     1 |       ||     8
       Ration            |       |       |     4 |     8 ||    12
Armor: Skin              |    13 |    74 |    99 |   186 ||   372
Dodge: Dodged            |    39 |   119 |   282 |   513 ||   953

Table legend:
 A = Non-vault XP
 B = Vault XP
 C = Vault XP percentage of total XP
 D = Non-vault monster count
 E = Vault monster count
 F = Vault count percentage of total count
                 A         B        C        D         E       F
            +---------+---------+-------+---------+---------+-------
      Total |   16903 |    5359 |  24.1 |     242 |      39 |  13.9
            +---------+---------+-------+---------+---------+-------
        D:1 |      31 |       4 |  11.4 |      15 |       2 |  11.8
        D:2 |      34 |      38 |  52.8 |      10 |       1 |   9.1
        D:3 |      88 |       0 |   0.0 |      22 |       0 |   0.0
        D:4 |     574 |     412 |  41.8 |      21 |       3 |  12.5
        D:5 |     538 |       0 |   0.0 |      12 |       0 |   0.0
        D:6 |     765 |     141 |  15.6 |      15 |       7 |  31.8
        D:7 |     997 |       0 |   0.0 |      21 |       0 |   0.0
        D:8 |    2492 |     503 |  16.8 |      27 |       2 |   6.9
        D:9 |    2767 |     139 |   4.8 |      17 |       4 |  19.0
       D:10 |    2648 |    3337 |  55.8 |      41 |      19 |  31.7
       D:11 |    3880 |     785 |  16.8 |      32 |       1 |   3.0
       D:12 |    2089 |       0 |   0.0 |       9 |       0 |   0.0
            +---------+---------+-------+---------+---------+-------
